 Dungeon Crawl Stone Soup version 0.29-a0-453-gf113fcf677 (webtiles) character file.

Game seed: 14854672314667268059

266 Kenran the Ruffian (level 6, -1/47 HPs)
             Began as a Vampire Fighter on May 20, 2022.
             Succumbed to a kobold's poison
             ... on level 7 of the Dungeon.
             The game lasted 00:05:35 (2812 turns).

Kenran the Ruffian (Vampire Fighter)                Turns: 2812, Time: 00:05:35

Health: -1/47      AC:  7    Str: 23    XL:     6   Next: 0%
Magic:  6/6        EV:  9    Int: 10    God:
Gold:   198        SH:  4    Dex: 14    Spells: 5/5 levels left

rFire   . . .      SeeInvis +     - Unarmed
rCold   . . .      Faith    .   b - +0 buckler
rNeg    . . .      Spirit   .   a - +0 scale mail
rPois   .          Reflect  .   f - +0 helmet
rElec   .          Harm     .   (no cloak)
rCorr   .          Rampage  .   (no gloves)
Will    .....                   (no boots)
Stlth   ..........              (no amulet)
HPRegen 0.35/turn               e - +6 ring of strength
MPRegen 0.10/turn               (no ring)

@: lethally poisoned (-1 -> -18), attractive, flying, healing quickly
A: alive, fangs 3, see invisible, vampiric 2
a: Exsanguinate


You were on level 7 of the Dungeon.
You visited 1 branch of the dungeon, and saw 6 of its levels.

You collected 198 gold pieces.

Inventory:

Armour
 a - a +0 scale mail (worn)
 b - a +0 buckler (worn)
 f - a +0 helmet (worn)
Jewellery
 e - a +6 ring of strength (left hand)
Wands
 c - a wand of digging (4)
 n - a wand of iceblast (3)
Scrolls
 k - a scroll of poison {!r}
 m - 2 scrolls of enchant armour
 o - a scroll of identify {@r1}
Potions
 i - a potion of heal wounds {@q2}


   Skills:
 + Level 3.4 Fighting
 - Level 2.4 Armour
 - Level 2.7 Shields
 + Level 6.0 Unarmed Combat
 + Level 1.5 Evocations


You had 5 spell levels left.
You didn't know any spells.
Your spell library was empty.

Dungeon Overview and Level Annotations

Branches:
Dungeon (7/15)
 Temple: D:4-7

Altars:
Sif Muna
Vehumet
Zin

Shops:
D:1 (

Annotations:
D:4 Blork the orc


Innate Abilities, Weirdness & Mutations

Your natural rate of healing is accelerated.
You have razor-sharp teeth.
You have supernaturally acute eyesight. (SInv)
You are afflicted with vampirism and can become a bat while bloodless.


Message History

The kobold is attracted toward you.
The water moccasin is attracted toward you.
You feel very sick. The kobold is attracted toward you.
The water moccasin is attracted toward you.
The water moccasin attacks as you move away!
The water moccasin bites you.
You are lethally poisoned!
The water moccasin poisons you!
* * * LOW HITPOINT WARNING * * *
You feel very sick.
The orc warrior is attracted toward you.
The kobold is attracted toward you. The kobold attacks as you move away!
The kobold hits you but does no damage.
The water moccasin attacks as you move away!
The water moccasin barely misses you.
* * * LOW HITPOINT WARNING * * *
You feel very sick.
The orc warrior throws a boomerang.
The boomerang hits you.
* * * LOW HITPOINT WARNING * * *
The kobold throws a poisoned dart.
The poisoned dart hits you!
You are more poisoned.
The water moccasin bites you but does no damage.
The kobold is attracted toward you.
The orc warrior is attracted toward you.
The kobold brigand is attracted toward you.
The kobold is attracted toward you.
The water moccasin is attracted toward you.
The orc is attracted toward you. The wight is attracted toward you.
The water moccasin attacks as you move away!
The water moccasin barely misses you.
* * * LOW HITPOINT WARNING * * *
You feel very sick. The kobold is attracted toward you. x2
The orc warrior attacks as you move away!
The orc warrior closely misses you.
The water moccasin attacks as you move away!
The water moccasin bites you but does no damage.
Found a stone staircase leading down.
You die...

###..> ....... ###
.......##..#
.........#...#
.............
#.............
#............#
.#........#..@#
..........#o..#
........§oSKS.#
.......§#KKz###
#.......KKK..#
#.....§§z....##
#..............#
#...............#
...##.......#.#...


You could see an orc warrior, 2 water moccasins, a kobold brigand, 2 wights, an
orc and 5 kobolds.

Vanquished Creatures
  A kobold brigand (D:4)
  An orc priest (D:3)
  2 iguanas
  Terence (D:2)
  2 adders
  3 worms
  2 dart slugs
  7 orcs (D:3)
  8 bats
  3 endoplasms (D:1)
  5 giant cockroaches
  6 hobgoblins
  4 ball pythons
  3 frilled lizards
  4 goblins
  4 kobolds
  7 rats
63 creatures vanquished.

Vanquished Creatures (others)
  An orc (D:6)
1 creature vanquished.

Grand Total: 64 creatures vanquished

Notes
Turn   | Place    | Note
-------+----------+-------------------------------------------
     0 | D:1      | Kenran the Vampire Fighter began the quest for the Orb.
     0 | D:1      | Reached XP level 1. HP: 17/17 MP: 1/1
   136 | D:1      | Found a faded altar of an unknown god.
   355 | D:1      | Reached XP level 2. HP: 21/23 MP: 2/2
   358 | D:1      | Reached skill level 3 in Unarmed Combat
   538 | D:1      | Found Viadd's Weapon Shop.
   821 | D:2      | Gained mutation: You are afflicted with vampirism and can
                  | become a bat while bloodless. [Vampire growth]
   821 | D:2      | Reached XP level 3. HP: 28/28 MP: 3/3
   909 | D:2      | Noticed Terence
   923 | D:2      | Killed Terence
   924 | D:2      | Reached skill level 4 in Unarmed Combat
  1143 | D:2      | Reached XP level 4. HP: 32/34 MP: 4/4
  1486 | D:3      | Reached skill level 5 in Unarmed Combat
  1695 | D:3      | Found a shimmering blue altar of Sif Muna.
  1703 | D:3      | Found a radiant altar of Vehumet.
  2059 | D:3      | Reached XP level 5. HP: 34/39 MP: 5/5
  2377 | D:4      | Noticed Blork the orc
  2590 | D:4      | Reached skill level 6 in Unarmed Combat
  2590 | D:4      | Reached skill level 1 in Evocations
  2694 | D:4      | Reached XP level 6. HP: 36/47 MP: 6/6
  2750 | D:4      | You fall into a shaft and drop 3 floors!
  2755 | D:6      | Noticed a steam dragon
  2792 | D:7      | Noticed a water moccasin
  2806 | D:7      | Noticed an orc warrior
  2806 | D:7      | Noticed a water moccasin
  2811 | D:7      | HP: 2/47 [poisoned by a kobold]
  2812 | D:7      | Succumbed to a kobold's poison

Illustrated notes

Levels and vault maps discovered:
D:1:      elethiomel_arrival_maze, layout_rooms, serial_shops,
          nicolae_shop_bloodbath_and_beyond,
          shapermc_ecumenical_altar_notcrosses
D:2:      layout_basic, basic_altar, uniq_terence
D:3:      layout_loops_ring, mainiacjoe_overflow_large_starburst
D:4:      layout_loops_ring, sigmund_edmund_badplayer, uniq_blork_the_orc,
          uniq_edmund, uniq_grinder
D:6:      layout_basic, temple_fountains, ebering_ghost_reflecting_pool,
          st_stairs_2
D:7:      layout_cave_pools, gammafunk_temple_overflow_arena, zin_angel,
          gammafunk_ghost_nasty_kobolds

Skill      XL: |  1  2  3  4  5 |
---------------+----------------+-----
Unarmed Combat | 3 4 5 6 |  6.0
Fighting       | 3 |  3.4
Evocations     | 1 |  1.5
Armour         | |  2.4
Shields        | |  2.7

Action                   |  1- 3 |  4- 6 || total
-------------------------+-------+-------++-------
Melee: Unarmed           |   113 |   150 ||   263
       Bite              |     6 |    17 ||    23
  Use: Potion            |     1 |     5 ||     6
       Scroll            |       |     5 ||     5
Armor: Scale mail        |    48 |    52 ||   100
Dodge: Dodged            |    40 |    47 ||    87
Block: Buckler           |    18 |    26 ||    44

Table legend: (Time is in decaauts)
 A = Elapsed time spent in this place.
 B = Non-inter-level travel time spent in this place.
 C = Inter-level travel time spent in this place.
 D = Time resting spent in this place.
 E = Time spent auto-exploring this place.
 F = Levels seen in this place.
 G = Mean time per level.
                   A        B        C        D        E       F      G
               +--------+--------+--------+--------+--------+-----+--------+
         Total |   2801 |   2637 |    164 |    393 |   1634 |   6 |  466.8 |
       Dungeon |   2801 |   2637 |    164 |    393 |   1634 |   6 |  466.8 |
               +--------+--------+--------+--------+--------+-----+--------+

Top non-repeatable levels by time:
     D:3: 1186 daAuts
     D:2: 730 daAuts
     D:1: 662 daAuts
     D:4: 160 daAuts
     D:7: 60 daAuts
     D:6: 1 daAuts
